 Dungeon Crawl Stone Soup version 0.29.1-1-gd02db6906a (webtiles) character file.

Game seed: 11718550379869352449

700 Gabide the Sneak (level 7, -1/67 HPs)
             Began as a Naga Monk on Sept 29, 2022.
             Was a Priest of Cheibriados.
             Succumbed to Dowan's poison
             ... on level 4 of the Dungeon on Oct 2, 2022.
             The game lasted 00:10:02 (3990 turns).

Gabide the Sneak (Naga Monk)                        Turns: 3990, Time: 00:10:03

Health: -1/67      AC: 11    Str: 21    XL:     7   Next: 65%
Magic:  7/7        EV: 12    Int: 19    God:    Cheibriados [***...]
Gold:   117        SH:  0    Dex: 23    Spells: 6/6 levels left

rFire   . . .      SeeInvis +   a - +2 dagger (venom)
rCold   + . .      Faith    .   (no shield)
rNeg    . . .      Spirit   .   b - +0 robe
rPois   +          Reflect  .   w - +1 helmet
rElec   .          Harm     .   t - +0 cloak
rCorr   .          Rampage  .   g - +0 pair of gloves
Will    .....                   (no barding)
Stlth   ++++......              (no amulet)
HPRegen 0.21/turn               o - ring of protection from cold
MPRegen 0.10/turn               u - +4 ring of protection

@: lethally poisoned (-1 -> -15), on berserk cooldown, slowed, very slow
A: AC +2, large, see invisible, deformed body, poison resistance, slowness 2,
spit poison 1, naga tail 1
a: Spit Poison, Renounce Religion, Bend Time, Temporal Distortion


You were on level 4 of the Dungeon.
You worshipped Cheibriados.
Cheibriados was most pleased with you.
You visited 1 branch of the dungeon, and saw 4 of its levels.

You collected 194 gold pieces.
You spent 77 gold pieces at shops.

Inventory:

Hand Weapons
 a - a +2 dagger of venom (weapon)
 j - a +0 sling
 q - a +0 rapier
Missiles
 c - 3 silver javelins
Armour
 b - a +0 robe (worn)
 g - a +0 pair of gloves (worn)
 t - a +0 cloak (worn)
 w - a +1 helmet (worn)
Jewellery
 e - a ring of fire
 o - a ring of protection from cold (left hand)
 u - a +4 ring of protection (right hand)
 y - a ring of magical power
 z - an amulet of faith
Wands
 x - a wand of quicksilver (9)
Scrolls
 f - a scroll of fog
 k - a scroll of blinking {unknown}
 l - 2 scrolls of identify {unknown}
 n - a scroll of enchant weapon {unknown}
 p - a scroll of teleportation
 s - a scroll of magic mapping {unknown}
Potions
 d - a potion of cancellation {unknown}
 h - a potion of brilliance {unknown}
 i - 3 potions of lignification {unknown}
 m - 2 potions of heal wounds {unknown}
 v - a potion of flight {unknown}


   Skills:
 + Level 5.0 Fighting
 + Level 5.0 Short Blades
 + Level 4.1 Dodging
 + Level 7.0 Stealth


You had 6 spell levels left.
You didn't know any spells.
Your spell library contained the following spells:

 Spells                   Type           Power      Damage    Failure   Level
 Summon Guardian Golem    Hex/Summ       0%         N/A       52%         3
 Orb of Destruction       Conj           0%         9d5       100%        7
 Spellforged Servitor     Conj/Summ      0%         N/A       100%        7


Dungeon Overview and Level Annotations

Branches:
Dungeon (4/15)
 Temple: D:4-7

Altars:
Cheibriados

Shops:
D:2 *

Annotations:
D:3 1 transporter, oloof's ghost, amateur MiBe
D:4 Dowan


Innate Abilities, Weirdness & Mutations

Your serpentine skin is tough. (AC +2)
You have supernaturally acute eyesight. (SInv)
Armour fits poorly on your strangely shaped body.
Your system is resistant to poisons. (rPois)
You cover ground very slowly.
You can spit poison.
You have a snake-like lower body.


Message History

You hit Duvessa.
Duvessa looks as sick as possible!
Duvessa is almost dead.
You feel sick. Duvessa hits you with a +0 short sword!
* * * LOW HITPOINT WARNING * * *
Dowan hits you with a +1 dagger of venom.
* * * LOW HITPOINT WARNING * * *
Duvessa hits you with a +0 short sword!
* * * LOW HITPOINT WARNING * * *
You closely miss Duvessa.
Duvessa is almost dead.
You feel sick.
You kill Duvessa!
Cheibriados thoroughly appreciates the change of pace.
Dowan seems overcome with grief.
Dowan seems to find hidden reserves of power!
Dowan hits you but does no damage.
Your Fighting skill increases to level 5!
Your Short Blades skill increases to level 5!
Your Stealth skill increases to level 7!
You hit Dowan.
Dowan is poisoned.
Your punch misses Dowan.
Dowan is moderately wounded.
Dowan hits you with a +1 dagger of venom.
* * * LOW HITPOINT WARNING * * *
You are lethally poisoned!
You hit Dowan.
Dowan looks as sick as possible!
Dowan is heavily wounded.
* * * LOW HITPOINT WARNING * * *
You feel very sick. Dowan barely misses you.
You hit Dowan.
Dowan looks as sick as possible!
Dowan is almost dead.
* * * LOW HITPOINT WARNING * * *
You feel sick. Dowan closely misses you.
Dowan gestures wildly while chanting.
Dowan blinks!
A kobold comes into view. It is wielding a +0 dagger.
You are no longer berserk.
You are exhausted.
You feel yourself slow down.
You die...

# ### #. #.. ##'# #.# ##
#### ##...## #.# . . ...#
##.....## #.#.# .K#
...###.......## #.#.#...#
.#.##.........###.....#.#
....'.........ยง.@........
...##.........###.......#
##.# #.......## #........
##.# ##.....## #.###.##.
##.# ##...## #.# # ...#
##'## #.# #### #.# #.#
.########.# #.#
[......##.##


You could see a kobold (wandering).

Vanquished Creatures
  Sigmund (D:3)
  Edmund (D:4)
  Duvessa (D:4)
  An ogre (D:3)
  A gnoll bouda (D:4)
  An iguana (D:4)
  Robin (D:4)
  6 gnolls
  4 adders
  3 dart slugs
  3 ball pythons
  3 endoplasms
  A giant cockroach (D:1)
  23 goblins
  7 hobgoblins
  6 jackals
  3 quokkas
  7 bats
  3 frilled lizards
  11 kobolds
  5 rats
92 creatures vanquished.

Vanquished Creatures (others)
  A fungus (D:3)
  A plant (D:3)
2 creatures vanquished.

Grand Total: 94 creatures vanquished

Notes
Turn   | Place    | Note
-------+----------+-------------------------------------------
     0 | D:1      | Gabide the Naga Monk began the quest for the Orb.
     0 | D:1      | Reached XP level 1. HP: 21/21 MP: 1/1
   259 | D:1      | Reached XP level 2. HP: 28/28 MP: 2/2
   855 | D:1      | Reached XP level 3. HP: 34/34 MP: 3/3
  1248 | D:2      | Reached skill level 4 in Stealth
  1358 | D:2      | Found Suphar's General Store.
  1510 | D:2      | Bought a potion of might for 44 gold pieces
  1510 | D:2      | Bought a scroll of teleportation for 33 gold pieces
  1543 | D:2      | Reached XP level 4. HP: 37/42 MP: 4/4
  1847 | D:2      | Found a snail-covered altar of Cheibriados.
  1855 | D:2      | Became a worshipper of Cheibriados the Contemplative
  1855 | D:2      | Reached * piety under Cheibriados
  1855 | D:2      | Reached ** piety under Cheibriados
  2077 | D:3      | Found a faded altar of an unknown god.
  2125 | D:3      | Noticed Sigmund
  2141 | D:3      | Killed Sigmund
  2142 | D:3      | Reached skill level 5 in Stealth
  2142 | D:3      | Reached XP level 5. HP: 45/50 MP: 5/5
  2142 | D:3      | Reached XP level 6. HP: 52/57 MP: 6/6
  2376 | D:3      | Found a transporter.
  2378 | D:3      | Noticed oloof's ghost (amateur MiBe)
  2753 | D:3      | Reached *** piety under Cheibriados
  2759 | D:3      | Reached skill level 6 in Stealth
  3301 | D:4      | Noticed Edmund
  3313 | D:4      | Killed Edmund
  3314 | D:4      | Reached XP level 7. HP: 30/66 MP: 3/7
  3322 | D:4      | Noticed Robin
  3328 | D:4      | Killed Robin
  3974 | D:4      | Noticed Duvessa
  3974 | D:4      | Noticed Dowan
  3986 | D:4      | Killed Duvessa
  3987 | D:4      | Reached skill level 5 in Fighting
  3987 | D:4      | Reached skill level 5 in Short Blades
  3987 | D:4      | Reached skill level 7 in Stealth
  3990 | D:4      | Succumbed to Dowan's poison

Illustrated notes

Levels and vault maps discovered:
D:1:      tarquinn_simple_flora_water_d, layout_basic
D:2:      layout_rooms, serial_shops, shop_statue, basic_altar
D:3:      layout_basic, gammafunk_ghost_smash,
          shapermc_ecumenical_altar_acropolis, minmay_ogre_servants,
          uniq_sigmund
D:4:      layout_loops_corners, minmay_temple_entry_proselytizer, uniq_duvessa,
          uniq_edmund, uniq_crazy_yiuf_cottage, uniq_natasha, uniq_robin

Skill      XL: |  1  2  3  4  5  6  7 |
---------------+----------------------+-----
Stealth        | 4 5 6 7 |  7.0
Dodging        | 3 4 |  4.1
Fighting       | 4 5 |  5.0
Short Blades   | 4 5 |  5.0

Action                   |  1- 3 |  4- 6 |  7- 9 || total
-------------------------+-------+-------+-------++-------
Melee: Short sword       |   104 |    20 |       ||   124
       Punch             |     2 |     1 |       ||     3
       Dagger            |       |    74 |    40 ||   114
       Rapier            |       |     5 |       ||     5
Invok: Bend Time         |       |     1 |     1 ||     2
 Abil: Spit Poison       |    21 |     3 |     5 ||    29
  Use: Potion            |     1 |     2 |     1 ||     4
       Scroll            |       |     1 |       ||     1
 Stab: Sleeping          |     4 |    10 |       ||    14
Armor: Robe              |    23 |    34 |    24 ||    81
Dodge: Dodged            |    80 |    45 |    37 ||   162
